AoeStats
← p.lagosfr

Arabia

503649854Analyzed
1v1 RM · 2mo ago on Sep 1, 2026· 27m 22s· 2 players
Game mode
Random Map
Map size
Tiny (2 player)
Population
200
Speed
Normal
Resources
Standard
Victory
Conquest
Starting age
Dark Age
Ending age
Imperial Age
RankedLock teamsTeams togetherTeam positionsShared explorationLock speedFull tech treeHidden civsTurbo modeCheats
Victory
Defeat
🇨🇱 Franks · Chile
410
+20
vs
🇬🇷 Khmer · Greece
491
-20
p.lagosfr
7:27 Loom
11:31 Feudal Age
12:44 Double-Bit Axe
17:57 Scale Barding Armor
18:43 Forging
26:12 Gold Mining
28:32 Castle Age
Paris7
11:37 Feudal Age
9:53 Loom
17:07 Gold Mining
17:03 Horse Collar
17:11 Double-Bit Axe
22:19 Castle Age
23:58 Scale Mail Armor
24:41 Pikeman
Connection lost

Rejoining the realm…

Still unreachable

The connection could not be restored.

Session expired

The server has moved on; the page needs a fresh start.